 Dungeon Crawl Stone Soup version 0.31-a0-1321-g5021b54cb2 (webtiles) character file.

Game seed: 420129659909365427

20 porpoise the Vexing (level 2, 0/22 HPs)
             Began as a Barachi Hexslinger on Dec 21, 2023.
             Slain by a worm (1 damage)
             ... on level 2 of the Dungeon.
             The game lasted 00:02:23 (919 turns).

porpoise the Vexing (Barachi Hexslinger)             Turns: 919, Time: 00:02:24

Health: 0/22       AC:  4    Str:  9    XL:     2   Next: 79%
Magic:  3/3        EV: 11    Int: 13    God:
Gold:   117        SH:  0    Dex: 14    Spells: 3/3 levels left

rFire   . . .        a - +1 sling
rCold   . . .        (no shield)
rNeg    . . .        d - +0 leather armour
rPois   .            (no helmet)
rElec   .            (no cloak)
rCorr   .            g - +0 pair of gloves
SInv    .            (no boots)
Will    .....        (no amulet)
Stlth   +            (no ring)
HPRegen 0.23/turn    (no ring)
MPRegen 0.08/turn

%: no passive effects
@: slow
A: amphibious, slowness 1, strong legs 1, +LOS
a: Hop


You were on level 2 of the Dungeon.
You visited 1 branch of the dungeon, and saw 2 of its levels.

You collected 117 gold pieces.

Inventory:

Hand Weapons
 a - a +1 sling (weapon)
Missiles
 j - 2 curare-tipped darts
Armour
 c - a +0 robe
 d - a +0 leather armour (worn)
 g - a +0 pair of gloves (worn)
Jewellery
 k - a ring of fire
Scrolls
 b - a scroll of poison
 f - a scroll of enchant armour {unknown}
 i - a scroll of teleportation {unknown}
 m - a scroll of vulnerability {unknown}
 n - a scroll of identify {unknown}
Potions
 e - 2 potions of heal wounds {unknown}
 h - a potion of attraction {unknown}
 l - a potion of magic {unknown}


   Skills:
 + Level 2.1 Fighting
 * Level 2.9 Ranged Weapons
 - Level 2.1 Dodging
 - Level 1.1 Spellcasting
 - Level 3.2 Hexes
 - Level 1.1 Fire Magic


You had 3 spell levels left.
You didn't know any spells.
Your spell library contained the following spells:

 Spells                   Type           Power      Damage    Failure   Level
 Jinxbite                 Hex            18%        N/A       16%         2
 Sigil of Binding         Hex            9%         N/A       30%         3
 Apportation              Tloc           0%         N/A       36%         1
 Inner Flame              Hex/Fire       6%         N/A       43%         3
 Cause Fear               Hex            4%         N/A       71%         4
 Dimensional Bullseye     Hex/Tloc       2%         N/A       89%         4
 Alistair's Intoxication  Alch           0%         N/A       100%        5


Dungeon Overview and Level Annotations

Branches:
Dungeon (2/15)

Altars:


Innate Abilities, Weirdness & Mutations

You are amphibious.
You cover ground slowly.
You can hop short distances.
You have an extended range of vision and can be seen from far away.


Message History

The ball python constricts you. The ball python barely misses you.
The ball python constricts you.
You shoot a sling bullet.
The sling bullet barely misses the ball python.
The ball python bites you but does no damage.
The ball python constricts you.
You shoot a sling bullet. The sling bullet hits the ball python.
The ball python is severely wounded.
The ball python misses you. The ball python constricts you.
The ball python bites you but does no damage.
The ball python constricts you.
You shoot a sling bullet. The sling bullet hits the ball python.
You kill the ball python!
No target in view!
n - a scroll labelled ORPHUJUAMADU A worm comes into view.
You shoot a sling bullet.
The sling bullet barely misses the worm.
You shoot a sling bullet.
The sling bullet barely misses the worm.
The worm bites you.
You shoot a sling bullet. The sling bullet hits the worm.
The worm is moderately wounded.
You shoot a sling bullet. The sling bullet hits the worm.
The worm is heavily wounded.
The worm bites you!
You are too injured to fight recklessly!
You are too injured to fight recklessly!
You shoot a sling bullet.
The sling bullet barely misses the worm.
The worm bites you.
* * * LOW HITPOINT WARNING * * *
You shoot a sling bullet. The sling bullet hits the worm.
The worm is heavily wounded.
The worm bites you.
* * * LOW HITPOINT WARNING * * *
You shoot a sling bullet.
The sling bullet barely misses the worm.
The worm bites you.
You die...

.... ..........##.....#
...###.........##.##.##
#.............##.##.#
#.................#.#
#..........##.#####.#
#[....####. ..# #.#
#...########## #.#
#............# #.#
##.@#######.## #.#
#.....w..# #.# #.#
####.....# #.# #.#
##.#..# #.# #.# #.#..#
#.#####.# #.#..#
#.......# #.# .#
######### #.# .# #.# .#


You could see a worm.

Vanquished Creatures
  A dart slug (D:1)
  4 ball pythons
  2 endoplasms (D:1)
  A giant cockroach (D:1)
  A goblin (D:1)
  A quokka (D:1)
  3 bats
  A frilled lizard (D:1)
  2 rats
16 creatures vanquished.

Notes
Turn   | Place    | Note
-------+----------+-------------------------------------------
     0 | D:1      | porpoise the Barachi Hexslinger began the quest for the
                  | Orb.
     0 | D:1      | Reached XP level 1. HP: 15/15 MP: 2/2
   188 | D:1      | Found a faded altar of an unknown god.
   197 | D:1      | Reached XP level 2. HP: 15/22 MP: 3/3
   328 | D:1      | Got Plato's Vellum of the Blink Frog
   918 | D:2      | HP: 1/22 [worm (3)]
   919 | D:2      | Slain by a worm

Illustrated notes

Levels and vault maps discovered:
D:1:      minmay_arrival_solitary_statue, layout_loops_ring,
          shapermc_ecumenical_altar_rom_forum
D:2:      layout_basic, grunt_ministairs_14

Skill      XL: |  1  2 |
---------------+-------+-----
Fighting       | 2 |  2.1
Ranged Weapons | |  2.9
Dodging        | |  2.1
Spellcasting   | |  1.1
Hexes          | |  3.2
Fire Magic     | |  1.1

Action                     || total
---------------------------++-------
   Fire: Sling             ||    53
 Armour: Leather armour    ||    14
         Robe              ||     1
  Dodge: Dodged            ||    10

Table legend: (Time is in decaauts)
 A = Elapsed time spent in this place.
 B = Non-inter-level travel time spent in this place.
 C = Inter-level travel time spent in this place.
 D = Time resting spent in this place.
 E = Time spent auto-exploring this place.
 F = Levels seen in this place.
 G = Mean time per level.
                   A        B        C        D        E       F      G
               +--------+--------+--------+--------+--------+-----+--------+
         Total |   1055 |   1049 |      6 |    227 |    671 |   2 |  527.5 |
       Dungeon |   1055 |   1049 |      6 |    227 |    671 |   2 |  527.5 |
               +--------+--------+--------+--------+--------+-----+--------+

Top non-repeatable levels by time:
     D:1: 973 daAuts
     D:2: 81 daAuts
